 Dungeon Crawl Stone Soup version 0.29-a0-323-g050149af67 (webtiles) character file.

Game seed: 11583895998264582880

8858 Murumi the Covert (level 11, -3/63 HPs)
             Began as a Vampire Enchanter on Apr 11, 2022.
             Was an Elder of Okawaru.
             Slain by a harpy simulacrum (6 damage)
             ... in an ice cave.
             The game lasted 00:38:43 (12544 turns).

Murumi the Covert (Vampire Enchanter)              Turns: 12544, Time: 00:38:43

Health: -3/63      AC: 10    Str:  7    XL:     11   Next: 15%
Magic:  19/19      EV: 21    Int: 19    God:    Okawaru [****..]
Gold:   695        SH:  8    Dex: 30    Spells: 13/21 levels left

rFire   . . .      SeeInvis +   a - +4 dagger (freeze)
rCold   + + .      Faith    .   C - +0 buckler
rNeg    + + +      Spirit   .   g - +2 robe {Will+}
rPois   ∞          Reflect  .   z - +0 helmet
rElec   .          Harm     .   p - +2 cloak
rCorr   .          Rampage  .   F - +0 pair of gloves
Will    ++...                   (no boots)
Stlth   ++++++++++              A - amulet of magic regeneration
HPRegen 0.00/turn               D - +6 ring of dexterity
MPRegen 0.56/turn               B - +6 ring of dexterity

@: heroic, bloodless, inhibited regen, invisible
A: bloodless, fangs 3, see invisible, vampiric 2
a: Bat Form, Revivify, Renounce Religion, Heroism, Finesse


You were in an ice cave.
You worshipped Okawaru.
Okawaru was greatly pleased with you.
You visited 2 branches of the dungeon, and saw 12 of its levels.
You also visited: Ice Cave.

You collected 695 gold pieces.

Inventory:

Hand Weapons
 a - a +4 dagger of freezing (weapon)
Armour
 g - a +2 robe of willpower (worn)
 p - a +2 cloak (worn)
 s - a +3 kite shield
 z - a +0 helmet (worn)
 C - a +0 buckler (worn)
 F - a +0 pair of gloves (worn)
Jewellery
 q - a ring of willpower
 w - the ring of Discretion {Fire rPois rCorr Str-5 Dex+4 Slay+5}
   (You took it off Dowan on level 6 of the Dungeon)

   [ring of fire]

   It enhances your fire magic.
   Str:       It affects your strength (-5).
   Dex:       It affects your dexterity (+4).
   Slay:      It affects your accuracy & damage with ranged weapons and melee
   (+5).
   rF:        It protects you from fire.
   rC:        It makes you vulnerable to cold.
   rPois:     It protects you from poison.
   rCorr:     It protects you from acid and corrosion.
 A - an amulet of magic regeneration (around neck)
 B - a +6 ring of dexterity (right hand)
 D - a +6 ring of dexterity (left hand)
Wands
 b - a wand of iceblast (8)
 m - a wand of paralysis (6)
 n - a wand of polymorph (11)
 t - a wand of mindburst (8)
Scrolls
 h - 5 scrolls of fear
 o - 5 scrolls of teleportation
 u - 3 scrolls of amnesia
 y - a scroll of blinking
Potions
 c - 3 potions of invisibility
 d - a potion of magic
 e - a potion of haste
 f - 3 potions of heal wounds
 i - 2 potions of flight
 j - 2 potions of cancellation
 k - 3 potions of curing
 r - a potion of ambrosia {unknown}
 v - 2 potions of resistance
 E - a potion of brilliance {unknown}
Miscellaneous
 l - a box of beasts
 G - a tin of tremorstones (2/2)


   Skills:
 - Level 5.0(10.0) Fighting
 - Level 8.0(13.0) Short Blades
 - Level 2.0(7.0) Armour
 - Level 4.0(9.0) Dodging
 - Level 14.0(19.0) Stealth
 - Level 2.0(7.0) Shields
 + Level 5.7 Spellcasting
 - Level 2.0 Conjurations
 - Level 12.0 Hexes
 - Level 3.0 Ice Magic
 - Level 2.0 Invocations


You had 13 spell levels left.
You knew the following spells:

 Your Spells              Type           Power      Damage    Failure   Level
a - Ensorcelled Hibernat  Hex/Ice        66%        N/A       1%          2
b - Confusing Touch       Hex            50%        N/A       1%          3
c - Dazzling Flash        Conj/Hex       64%        N/A       2%          3

Your spell library contained the following spells:

 Spells                   Type           Power      Damage    Failure   Level
 Magic Dart               Conj           52%        1d5       6%          1
 Fulminant Prism          Conj/Hex       16%        3d11      9%          4
 Searing Ray              Conj           26%        2d5       10%         2
 Beastly Appendage        Tmut           10%        N/A       14%         1
 Scorch                   Fire           10%        2d6       22%         2
 Wereblood                Tmut           5%         N/A       22%         2
 Conjure Flame            Conj/Fire      9%         6-21      28%         3
 Mephitic Cloud           Conj/Pois/Air  7%         N/A       32%         3
 Ignite Poison            Fire/Tmut/Pois 5%         N/A       41%         3
 Spider Form              Tmut/Pois      5%         N/A       41%         3
 Flame Wave               Conj/Fire      9%         2d5       67%         4
 Sticky Flame             Conj/Fire      9%         2d3       67%         4
 Tukima's Dance           Hex            Unusable   N/A       N/A         3
 Summon Guardian Golem    Hex/Summ       Unusable   N/A       N/A         3
 Summon Small Mammal      Summ           Unusable   N/A       N/A         1
 Call Imp                 Summ           Unusable   N/A       N/A         2
 Call Canine Familiar     Summ           Unusable   N/A       N/A         3
 Summon Cactus Giant      Summ           Unusable   N/A       N/A         6

Dungeon Overview and Level Annotations

Branches:
Dungeon (11/15)            Temple (1/1) D:7            Lair (0/6) D:11
    Orc (0/2) D:9           IceCv (1/1)

Altars:
Ashenzari
Cheibriados
Dithmenos
Elyvilon
Fedhas
Gozag
Hepliaklqana
Kikubaaqudgha
Makhleb
Nemelex Xobeh
Okawaru
Qazlal
Ru
Sif Muna
Trog
Uskayaw
Vehumet
Wu Jian
Xom
Yredelemnul
Zin
The Shining One

Shops:
D:2 (   D:9 ([

Annotations:
D:11 exclusion: oklob plant


Innate Abilities, Weirdness & Mutations

You do not regenerate when monsters are visible.
You are frail without blood (-20% HP).
You can heal yourself when you bite living creatures.
You are immune to poison.
You have razor-sharp teeth.
You have supernaturally acute eyesight. (SInv)
You are afflicted with vampirism and can become a bat while bloodless.


Message History

You hit the ice statue.
You bite the ice statue, but do no damage.
The ice statue is almost destroyed.
You completely miss the ice statue.
The ice statue is almost destroyed.
You hit the ice statue but do no damage.
You bite the ice statue, but do no damage.
The ice statue is almost destroyed.
The ice beast barely misses you.
You hit the ice statue but do no damage.
The ice statue is almost destroyed.
The ice statue gestures at you. The bolt of cold hits you! You resist.
You hit the ice statue but do no damage.
The ice statue is almost destroyed.
You hit the ice statue but do no damage.
You bite the ice statue, but do no damage.
The ice statue is almost destroyed.
You puncture the ice statue!
You destroy the ice statue!
Okawaru accepts your kill.
You can now speed up your combat.
The ice beast disappears in a puff of smoke! x2
The harpy simulacrum attacks as you move away!
The harpy simulacrum closely misses you. x2
Your hands slow down.
The harpy simulacrum claws you!
* * * LOW HITPOINT WARNING * * *
The harpy simulacrum freezes you. You resist.
* * * LOW HITPOINT WARNING * * *
The harpy simulacrum barely misses you.
Okay, then.
Press: ? - help, v - describe, . - travel
Here: a white ugly thing (lightly wounded)
The floor.
You fade into invisibility!
The harpy simulacrum claws you but does no damage. x2
The harpy simulacrum barely misses you. The harpy simulacrum claws you.
* * * LOW HITPOINT WARNING * * *
The harpy simulacrum freezes you. You resist.
You die...

##.....##
#.......#
#.......#
#.......#
#......)#
#.)....(#
####.####
#.......#
#..@....#
#..Z....#
#..u....#
#.......#
##.....##
##.Z.##
##.##
§..#
.....#


You could see a white ugly thing (can't see you), a dire elephant simulacrum
(can't see you) and a harpy simulacrum (can't see you).

Vanquished Creatures
  The ghost of Jortsu the Basher, a journeyman TrHu of Xom (D:10)
  2 two-headed ogres
  Sonja (D:11)
  3 ice statues (IceCv)
  A freezing wraith (IceCv)
  2 trolls
  Grinder (D:6)
  A shadow (D:9)
  2 vampires
  2 steam dragons (D:7)
  A basilisk (D:10)
  2 death yak simulacra (IceCv)
  A harpy simulacrum (IceCv)
  Duvessa (D:6)
  A water moccasin (D:6)
  A black bear (D:5)
  7 orc warriors
  An ogre (D:4)
  4 centaurs
  2 phantoms
  3 bullfrogs
  2 gnoll sergeants
  3 scorpions (D:5)
  8 wights
  Dowan (D:6)
  6 killer bees (D:8)
  A howler monkey (D:10)
  3 orc priests
  A gnoll shaman (D:7)
  Natasha (thrice) (D:2)
  3 iguanas
  5 orc wizards
  A polar bear simulacrum (IceCv)
  2 wolf simulacra (IceCv)
  14 gnolls
  10 adders
  A white imp (D:7)
  3 ufetubi
  2 dart slugs (D:2)
  32 orcs
  9 ball pythons
  2 bats
  5 endoplasms
  3 giant cockroaches
  10 goblins
  5 hobgoblins
  5 quokkas
  5 frilled lizards
  8 kobolds
  4 rats
197 creatures vanquished.

Notes
Turn   | Place    | Note
-------+----------+-------------------------------------------
     0 | D:1      | Murumi the Vampire Enchanter began the quest for the Orb.
     0 | D:1      | Reached XP level 1. HP: 13/13 MP: 3/3
   230 | D:1      | Reached skill level 5 in Stealth
   724 | D:1      | Reached XP level 2. HP: 15/15 MP: 5/5
   727 | D:1      | Learned a level 2 spell: Ensorcelled Hibernation
   935 | D:1      | Found a faded altar of an unknown god.
  1264 | D:2      | Reached skill level 5 in Hexes
  1427 | D:2      | Reached skill level 1 in Fighting
  1427 | D:2      | Gained mutation: You are afflicted with vampirism and can
                  | become a bat while bloodless. [Vampire growth]
  1427 | D:2      | Reached XP level 3. HP: 20/20 MP: 6/6
  1431 | D:2      | Learned a level 3 spell: Confusing Touch
  1485 | D:2      | Noticed Natasha
  1496 | D:2      | Killed Natasha
  1497 | D:2      | Reached skill level 1 in Ice Magic
  1526 | D:2      | Reached XP level 4. HP: 21/26 MP: 5/7
  1546 | D:2      | Found Nigat's Weapon Shoppe.
  1982 | D:2      | Noticed Natasha
  1986 | D:2      | Killed Natasha
  1987 | D:2      | Reached skill level 6 in Stealth
  2001 | D:2      | Noticed Natasha
  2008 | D:2      | Killed Natasha
  2009 | D:2      | Reached XP level 5. HP: 30/30 MP: 8/8
  2563 | D:3      | Found an opulent altar of Gozag.
  2601 | D:3      | Reached skill level 1 in Armour
  2717 | D:3      | Learned a level 3 spell: Dazzling Flash
  2820 | D:3      | Found a stormy altar of Qazlal.
  3348 | D:4      | Reached skill level 7 in Stealth
  3992 | D:4      | Noticed an ogre
  3999 | D:4      | Killed an ogre
  4000 | D:4      | Reached XP level 6. HP: 35/35 MP: 9/9
  4280 | D:5      | Entered Level 5 of the Dungeon
  4513 | D:5      | Reached skill level 8 in Stealth
  4534 | D:5      | Reached skill level 1 in Shields
  4723 | D:5      | Reached skill level 1 in Conjurations
  4723 | D:5      | Reached XP level 7. HP: 40/40 MP: 10/10
  5222 | D:6      | Noticed Duvessa
  5222 | D:6      | Noticed Dowan
  5223 | D:6      | Killed Duvessa
  5230 | D:6      | Noticed Grinder
  5237 | D:5      | Reached XP level 8. HP: 43/46 MP: 12/12
  5423 | D:6      | Reached skill level 9 in Stealth
  5424 | D:6      | Identified the ring of Discretion {Fire rPois rCorr Str-5
                  | Dex+4 Slay+5}
  5472 | D:6      | Killed Dowan
  5705 | D:6      | Killed Grinder
  5861 | D:6      | Reached skill level 5 in Short Blades
  5975 | D:6      | Found a broken altar of Ashenzari.
  6246 | D:7      | Reached skill level 10 in Stealth
  6349 | D:7      | Found a staircase to the Ecumenical Temple.
  6362 | Temple   | Entered the Ecumenical Temple
  6576 | Temple   | Became a worshipper of Warmaster Okawaru
  6895 | D:7      | Reached skill level 1 in Invocations
  6921 | D:7      | Reached XP level 9. HP: 51/51 MP: 13/15
  7848 | D:8      | Reached * piety under Okawaru
  8167 | D:8      | Reached skill level 11 in Stealth
  8510 | D:9      | Reached skill level 10 in Hexes
  8684 | D:9      | Found a shimmering blue altar of Sif Muna.
  8693 | D:9      | Noticed a troll
  8707 | D:9      | Killed a troll
  8708 | D:9      | Reached skill level 12 in Stealth
  8916 | D:9      | Found Ochuideu's Armour Shop.
  8918 | D:9      | Found a staircase to the Orcish Mines.
  8930 | D:9      | Reached ** piety under Okawaru
  8951 | D:9      | Noticed a two-headed ogre
  8961 | D:9      | Reached XP level 10. HP: 56/56 MP: 14/16
  8974 | D:9      | Found Hiyclami's Weapon Shop.
  8982 | D:9      | Killed a two-headed ogre
  8983 | D:9      | Reached skill level 5 in Spellcasting
  9558 | D:9      | Found a sacrificial altar of Ru.
  9583 | D:10     | Entered Level 10 of the Dungeon
  9650 | D:10     | Reached skill level 5 in Fighting
  9851 | D:10     | Noticed a two-headed ogre
  9856 | D:10     | Killed a two-headed ogre
  9856 | D:10     | Reached *** piety under Okawaru
  9920 | D:10     | Found an ornate altar of the Wu Jian Council.
 10083 | D:10     | Found a runed translucent door.
 10085 | D:10     | Noticed Jortsu's ghost (journeyman TrHu)
 10155 | D:10     | Identified the +0 ring mail of Evolution {MP+9 Str+3 Int-5
                  | Dex+3}
 10168 | D:10     | Reached skill level 13 in Stealth
 10500 | D:10     | Killed Jortsu's ghost
 10775 | D:11     | Noticed an oklob plant
 10775 | D:11     | Found a staircase to the Lair.
 10852 | D:11     | Noticed Sonja
 10859 | D:11     | Killed Sonja
 10859 | D:11     | Reached **** piety under Okawaru
 10865 | D:11     | Found a frozen archway.
 10874 | IceCv    | Entered an ice cave
 11107 | IceCv    | Noticed an ice statue
 11108 | IceCv    | Noticed an ice statue
 11124 | IceCv    | Reached XP level 11. HP: 39/63 MP: 18/18
 11261 | IceCv    | Noticed a white ugly thing
 11713 | IceCv    | Reached skill level 14 in Stealth
 12544 | IceCv    | HP: 3/63 [harpy simulacrum (3)]
 12544 | IceCv    | Slain by a harpy simulacrum

Illustrated notes

Levels and vault maps discovered:
D:1:      dpeg_arrival_ternary, layout_basic,
          shapermc_ecumenical_altar_mp_vishouse, minmay_misc_feat_nine_boxes,
          chequers_decorated_corner, minmay_misc_feat_more_columns,
          chequers_serial_rivers_marsh
D:2:      layout_basic, serial_shops, nicolae_shop_bloodbath_and_beyond,
          uniq_natasha
D:3:      layout_rooms, lemuel_crystal_altar, amcnicky_altar_gilded,
          palyth_stone_intersect
D:4:      minmay_angry_zag, layout_basic
D:5:      layout_basic, kennysheep_cluttered_room, minivault_25
D:6:      layout_basic, amethyst_overflow_temple_binary, serial_bayou_pond_d,
          uniq_duvessa, uniq_grinder
D:7:      layout_loops_ring, minmay_temple_entry_mini_moons, dk_vineyard_3
D:8:      layout_basic, chequers_serial_rivers_room_a, nzn_life_drinkers
D:9:      layout_roguey, mainiacjoe_overflow_swirl, orc_david_3
D:10:     layout_loops_corners, pdpol_wu_jian_five_deadly_venoms,
          gammafunk_ghost_grave
D:11:     layout_loops_corners, dpeg_oklobed_lair,
          portal_ice_cave_entry_pillars_2, uniq_sonja
Temple:   regret_index_temple_generic_petals
IceCv:    ice_cave_statue_garden_chambered

Skill      XL: |  1  2  3  4  5  6  7  8  9 10 11 |
---------------+----------------------------------+-----
Stealth        | 5 6 7 8 10 12 13 14 | 14.0
Short Blades   | 2 3 4 5 7 8 |  8.0
Hexes          | 5 6 7 9 10 12 | 12.0
Fighting       | 1 2 3 4 5 |  5.0
Ice Magic      | 1 2 3 |  3.0
Armour         | 1 2 |  2.0
Shields        | 1 2 |  2.0
Conjurations   | 1 2 |  2.0
Spellcasting   | 3 4 5 |  5.7
Invocations    | 1 2 |  2.0
Dodging        | 3 4 |  4.0

Action                   |  1- 3 |  4- 6 |  7- 9 | 10-12 || total
-------------------------+-------+-------+-------+-------++-------
Melee: Dagger            |    41 |    65 |   150 |   320 ||   576
       Bite              |     2 |     3 |    12 |    53 ||    70
 Cast: Ensorcelled Hiber |    14 |    43 |    52 |    29 ||   138
       Confusing Touch   |       |     1 |    17 |     4 ||    22
Invok: Heroism           |       |       |       |    11 ||    11
       Finesse           |       |       |       |     1 ||     1
 Abil: Exsanguinate      |     1 |       |       |       ||     1
Evoke: Wand              |       |       |     2 |    16 ||    18
  Use: Scroll            |     6 |     6 |    12 |     6 ||    30
       Potion            |       |       |       |     2 ||     2
 Stab: Sleeping          |    24 |    48 |    53 |    28 ||   153
       Distracted        |       |     1 |     2 |     5 ||     8
       Confused          |       |     1 |    14 |     4 ||    19
Armor: Robe              |     4 |    17 |    13 |    61 ||    95
Dodge: Dodged            |    15 |    22 |    46 |   131 ||   214
Block: Kite shield       |       |     4 |    67 |       ||    71
       Buckler           |       |       |     2 |    60 ||    62

Table legend: (Time is in decaauts)
 A = Elapsed time spent in this place.
 B = Non-inter-level travel time spent in this place.
 C = Inter-level travel time spent in this place.
 D = Time resting spent in this place.
 E = Time spent auto-exploring this place.
 F = Levels seen in this place.
 G = Mean time per level.
                   A        B        C        D        E       F      G
               +--------+--------+--------+--------+--------+-----+--------+
         Total |  12412 |  11429 |    983 |   1353 |   8094 |  13 |  954.8 |
       Dungeon |  10616 |   9663 |    953 |    142 |   7892 |  11 |  965.1 |
        Temple |    241 |    211 |     30 |      0 |    202 |   1 |  241.0 |
      Ice Cave |   1554 |   1554 |      0 |   1211 |      0 |   1 | 1554.0 |
               +--------+--------+--------+--------+--------+-----+--------+

Top non-repeatable levels by time:
   IceCv: 1554 daAuts
     D:2: 1285 daAuts
     D:4: 1245 daAuts
    D:10: 1210 daAuts
     D:8: 1198 daAuts
     D:1: 1179 daAuts
     D:9: 1142 daAuts
     D:5: 1022 daAuts
     D:7: 821 daAuts
     D:6: 804 daAuts
     D:3: 642 daAuts
  Temple: 241 daAuts
    D:11: 62 daAuts
